Map: Nightshade LE

Players

Dream

  • Race: Terran Terran
  • League: Master
  • Spawn Location: 5:00

TIME (Oliveira) - Winner!

  • Race: Terran Terran
  • League: Master
  • Spawn Location: 11:00

VOD

Have the link to the VOD?

Description

Time

  • Played on: Jan. 9, 2020, 4:22 a.m.
  • Length: 13:51
Show
View Real Time Build Order
Export as new Build Order

Dream Terran 

Build Orders:  

Get SALT Encoding   

  12  0:00  SCV  
  13  0:12  SCV  
  14  0:16  Supply Depot  
  14  0:24  SCV  
  15  0:38  SCV  
  15  0:39  Barracks  
  15  0:42  Refinery  
  16  0:50  SCV  
  17  0:59  Barracks  
  17  1:02  SCV  
  18  1:14  SCV  
  19  1:26  Orbital Command, Reaper  
  19  1:32  Supply Depot  
  20  1:47  Reaper  
  20  1:53  SCV  
  22  2:03  Reaper  
  22  2:05  SCV  
  24  2:18  SCV, Command Center  
  26  2:22  Reaper  
  26  2:27  Refinery  
  26  2:30  SCV  
  26  2:34  Supply Depot  
  26  2:35  Marine  
  28  2:42  SCV  
  29  2:53  Marine  
  29  2:54  SCV, Factory  
  29  2:56  Marine  
  32  3:06  SCV  
  32  3:11  Marine  
  34  3:13  Marine  
  34  3:18  SCV  
  36  3:28  Refinery  
  36  3:30  Orbital Command  
  36  3:31  SCV  
  37  3:34  Barracks Tech Lab  
  37  3:37  Barracks Reactor  
  37  3:38  Starport, Factory Tech Lab  
  37  3:43  SCV  
  38  3:51  Engineering Bay  
  38  3:53  Marine  
  38  3:54  Stimpack  
  38  3:55  SCV  
  40  3:56  SCV  
  41  4:07  SCV, Siege Tank  
  41  4:08  SCV  
  46  4:11  Marine  
  46  4:13  Marine x2  
  49  4:19  Terran Infantry Weapons Level 1  
  49  4:20  SCV x2  
  51  4:25  Supply Depot  
  51  4:26  Starport Reactor  
  50  4:32  SCV x2  
  50  4:34  Marine x2  
  54  4:41  Supply Depot  
  54  4:46  Marine, SCV  
  54  4:48  SCV, Siege Tank  
  54  4:50  Supply Depot  
  60  4:55  Marine x2  
  60  4:58  Supply Depot  
  62  5:03  SCV x2  
  64  5:07  Medivac x2  
  66  5:15  SCV x2  
  66  5:16  Marine  
  66  5:17  Marine  
  64  5:30  SCV x2  
  64  5:34  Combat Shield  
  66  5:37  Marine x3, Medivac  
  71  5:43  Command Center  
  71  5:45  SCV x2  
  73  5:53  Siege Tank  
  76  5:57  SCV x2, Supply Depot  
  76  5:58  Refinery  
  76  5:59  Marine x2  
  76  6:01  Marine  
  81  6:08  Supply Depot  
  81  6:10  SCV  
  81  6:11  SCV  
  83  6:17  Marine x2  
  85  6:21  Marine  
  85  6:24  SCV  
  85  6:25  SCV  
  82  6:30  Siege Tank  
  77  6:35  Marine  
  77  6:39  SCV x2  
  76  6:43  Marine  
  76  6:51  Marine, SCV  
  75  6:54  SCV  
  75  6:59  Marine  
  76  7:04  Viking  
  76  7:06  SCV  
  79  7:09  Marine  
  79  7:10  Marine  
  81  7:15  Orbital Command  
  81  7:18  Marine  
  81  7:20  SCV x2  
  84  7:26  Terran Infantry Armor Level 1  
  84  7:30  Marine  
  84  7:32  SCV x2  
  84  7:34  Marine  
  88  7:42  SCV  
  89  7:44  SCV  
  89  7:47  SCV  
  89  7:48  Viking  
  89  7:54  SCV  
  89  7:57  Viking  
  91  8:03  SCV x2  
  91  8:04  Marine  
  91  8:05  Marine x2  
  96  8:06  SCV  
  97  8:15  SCV x2  
  97  8:18  Viking  
  97  8:19  SCV  
  102  8:24  Marine x2  
  102  8:25  Marine  
  105  8:27  SCV x2  
  105  8:31  Supply Depot  
  105  8:32  Supply Depot  
  107  8:34  SCV  
  107  8:39  SCV x2  
  110  8:46  SCV, Siege Tank  
  110  8:47  Viking  
  116  8:52  Armory  
  116  8:53  Viking, Engineering Bay  
  117  9:03  SCV x2  
  117  9:04  Barracks  
  119  9:13  SCV  
  119  9:15  SCV  
  119  9:16  SCV  
  118  9:20  Siege Tank  
  119  9:24  Concussive Shells, Marauder  
  119  9:25  SCV  
  119  9:27  SCV  
  119  9:28  SCV  
  122  9:37  SCV  
  123  9:39  SCV, Supply Depot, Command Center  
  123  9:40  Supply Depot  
  123  9:43  SCV  
  123  9:45  Terran Infantry Weapons Level 2, Terran Infantry Armor Level 2  
  125  9:49  SCV  
  125  9:51  Barracks  
  125  9:52  Barracks  
  126  9:53  Refinery  
  126  9:54  Refinery  
  126  9:55  Siege Tank  
  126  9:56  Barracks Tech Lab  
  126  9:57  Terran Vehicle Weapons Level 1  
  126  9:58  Marine x2  
  126  9:59  Marauder  
  132  10:01  SCV x2  
  132  10:03  SCV  
  126  10:13  SCV  
  126  10:14  SCV  
  124  10:18  SCV  
  123  10:24  Marauder  
  123  10:25  Marauder  
  123  10:26  SCV x2  
  123  10:27  Siege Tank  
  132  10:30  SCV  
  132  10:32  Medivac x2  
  137  10:38  SCV x2  
  137  10:42  SCV, Barracks Reactor, Barracks Tech Lab  
  140  10:43  Marine x2  
  141  10:50  SCV x2  
  141  10:52  Planetary Fortress  
  141  10:54  SCV  
  141  10:58  Marauder x2  
  141  11:02  SCV x2, Marauder  
  149  11:07  SCV, Siege Tank  
  153  11:14  SCV x2  
  155  11:19  SCV, Marauder  
  155  11:20  Marine x2  
  155  11:21  Marine x2  
  162  11:26  SCV x2  
  162  11:27  Supply Depot x3  
  162  11:32  Supply Depot  
  164  11:33  Supply Depot  
  164  11:45  SCV x3  
  164  11:46  SCV  
  161  11:49  Marine x2  
  161  11:52  Marine  
  158  11:55  Siege Tank  
  158  11:56  Medivac x2  
  158  11:57  SCV x3  
  158  11:58  SCV  
  157  12:05  Marine, Marauder x3  
  157  12:07  Marine x2  
  166  12:09  SCV x2  
  166  12:10  Marine  
  160  12:23  Marine  
  160  12:26  Medivac x2, Marauder, Command Center  
  160  12:27  Marine x2, Marauder  
  160  12:28  Marauder, Siege Tank  
  156  12:39  Marine  
  156  12:42  SCV x2  
  159  12:46  Marine x2  
  159  12:48  Barracks, Marauder  
  159  12:49  Barracks x2, Marauder  
  165  12:55  Marauder  
  165  12:56  Marine  
  165  12:57  Marine  
  142  13:00  Siege Tank  
  145  13:05  Viking x2  
  145  13:07  Marine  
  145  13:09  Marauder  
  145  13:10  Marauder  
  154  13:13  Factory  
  154  13:22  Marauder  
  154  13:23  Marine x2  
  143  13:27  Marine  
  143  13:29  Marine  
Show
View Real Time Build Order
Export as new Build Order

TIME Terran - Winner!

Build Orders: Gas First Reaper Expand, Mech 

Get SALT Encoding   

  12  0:00  SCV  
  13  0:13  SCV  
  14  0:17  Supply Depot  
  14  0:25  SCV  
  15  0:29  Refinery  
  15  0:39  SCV  
  16  0:45  Barracks  
  16  0:51  SCV  
  17  1:03  SCV  
  18  1:15  SCV  
  19  1:32  Orbital Command, Reaper  
  20  1:49  Command Center  
  20  1:56  Factory  
  20  2:00  SCV  
  21  2:07  Refinery  
  21  2:08  Reaper  
  22  2:16  Supply Depot  
  22  2:18  SCV  
  23  2:38  SCV  
  23  2:40  Hellion  
  23  2:42  Barracks Reactor  
  26  2:48  Starport  
  26  2:51  SCV  
  27  3:02  Orbital Command  
  27  3:03  SCV  
  30  3:10  Factory Tech Lab  
  28  3:15  SCV  
  28  3:18  Marine x2  
  31  3:27  SCV, Orbital Command  
  31  3:33  Supply Depot  
  32  3:35  Raven  
  32  3:36  Factory Tech Lab  
  32  3:40  SCV  
  35  3:47  Hellion x2  
  35  3:48  Refinery  
  39  3:49  Barracks Tech Lab  
  39  3:52  SCV  
  39  3:53  SCV  
  41  3:58  Supply Depot  
  41  4:04  SCV  
  41  4:05  SCV  
  43  4:10  Command Center  
  44  4:17  SCV x2  
  44  4:18  Raven  
  44  4:21  Marine x2  
  49  4:28  Cyclone  
  49  4:29  SCV  
  49  4:30  SCV  
  54  4:36  Supply Depot  
  54  4:39  Marine  
  54  4:42  SCV  
  54  4:43  SCV  
  54  4:44  Marine  
  58  4:54  SCV  
  58  4:56  Marine  
  58  4:58  SCV  
  61  5:00  Siege Tank  
  61  5:01  Marine, Supply Depot  
  61  5:02  Refinery  
  64  5:07  Raven  
  64  5:08  SCV  
  67  5:14  Marine  
  67  5:19  SCV, Marine  
  60  5:21  SCV  
  58  5:31  SCV  
  58  5:33  SCV  
  58  5:35  Siege Tank  
  63  5:42  Factory, Orbital Command  
  63  5:44  SCV  
  63  5:45  SCV  
  65  5:55  Barracks Reactor  
  65  5:56  SCV  
  66  5:57  SCV  
  66  6:02  Supply Depot  
  66  6:03  Viking x2  
  71  6:08  SCV x2  
  71  6:10  SCV, Factory  
  74  6:15  Siege Tank  
  76  6:21  SCV  
  76  6:22  SCV x2  
  76  6:25  Orbital Command  
  79  6:33  SCV  
  79  6:34  SCV  
  79  6:35  Viking  
  79  6:39  Viking  
  85  6:45  Orbital Command  
  85  6:46  SCV x2  
  85  6:56  Siege Tank, Hellion x2, Infernal Pre-Igniter  
  85  6:58  SCV  
  93  7:01  Supply Depot  
  93  7:02  Supply Depot x2  
  93  7:03  SCV  
  94  7:10  SCV  
  94  7:11  Siege Tank  
  94  7:14  Viking  
  94  7:15  Supply Depot  
  100  7:17  SCV  
  101  7:22  Viking  
  101  7:23  Hellion  
  101  7:25  Hellion  
  101  7:26  SCV  
  108  7:32  Siege Tank  
  108  7:33  Orbital Command  
  111  7:43  Siege Tank  
  112  7:47  SCV x2, Hellion  
  112  7:50  Hellion  
  118  7:59  SCV  
  118  8:00  SCV  
  118  8:01  SCV  
  118  8:02  Refinery  
  119  8:08  Siege Tank  
  119  8:09  Refinery  
  122  8:13  SCV x2  
  122  8:14  Armory  
  122  8:15  Armory  
  122  8:18  Supply Depot  
  124  8:25  Siege Tank  
  124  8:26  Hellion x2  
  131  8:30  Engineering Bay  
  131  8:43  Supply Depot, Command Center  
  131  8:44  Siege Tank  
  131  8:46  Medivac  
  136  8:49  Medivac  
  138  8:56  Hellion  
  138  8:58  SCV, Factory  
  138  9:01  Hellion  
  138  9:02  Terran Vehicle And Ship Armor Level 1, Terran Vehicle Weapons Level 1  
  137  9:07  SCV x2  
  139  9:10  SCV  
  139  9:17  Factory, Hellion  
  139  9:19  SCV  
  139  9:22  Hellion, Siege Tank  
  146  9:25  Siege Tank  
  146  9:29  Supply Depot  
  149  9:34  Missile Turret  
  149  9:35  Sensor Tower  
  149  9:39  Smart Servos  
  149  9:44  Factory Reactor, Supply Depot x2  
  149  9:50  Missile Turret  
  149  9:51  SCV x3, Hellion  
  154  9:53  Missile Turret  
  154  9:55  Siege Tank  
  154  9:56  Hellion  
  159  10:08  Factory Tech Lab  
  159  10:10  Hellion  
  153  10:16  Hellion  
  153  10:17  Viking x2  
  153  10:20  SCV x3  
  158  10:24  Hellion x3  
  164  10:32  SCV  
  164  10:33  Cyclone x2  
  164  10:34  Mag-Field Accelerator  
  171  10:36  Supply Depot  
  171  10:37  Missile Turret  
  171  10:38  Missile Turret  
  171  10:41  Cyclone  
  176  10:43  Hellion  
  176  10:45  Refinery x2  
  176  10:47  Hellion  
  176  10:48  Hellion  
  180  10:55  Hellion  
  178  10:57  Terran Vehicle Weapons Level 2, Terran Vehicle And Ship Armor Level 2  
  178  11:02  Planetary Fortress  
  178  11:05  Cyclone  
  178  11:08  Viking  
  178  11:11  Medivac  
  185  11:13  Hellion  
  185  11:14  Hellion  
  185  11:18  Cyclone  
  192  11:21  Cyclone  
  195  11:37  Command Center  
  195  11:39  Missile Turret  
  195  11:41  Missile Turret  
  190  11:47  Cyclone  
  190  11:48  Hellion  
  190  11:51  Cyclone  
  190  11:52  Hellion  
  190  11:53  SCV, Cyclone  
  194  11:57  Hellion  
  193  12:01  Liberator  
  193  12:11  SCV  
  192  12:19  Cyclone  
  196  12:24  Cyclone  
  196  12:28  Cyclone  
  196  12:29  Hellion  
  196  12:31  Liberator  
  195  12:38  Hellion  
  191  12:53  Hellion x2  
  191  12:56  Hellion x2  
  191  12:57  Hellion  
  192  13:00  Cyclone  
  192  13:01  Medivac  
  197  13:08  Hellion  
  199  13:19  Refinery  
  181  13:29  Hellion  
Tags
 
Add a new tag
Caveats
  • Supply blocks, unpowered buildings, or Contaminate may cause inaccurate times.
  • Supply counts are checked every 10 seconds.